[Event "Stay Safe Play From Home 151"]
[Site "T#646137Emanuel Laske"]
[Date "2020.05.17"]
[Round "8"]
[White "Indianquant"]
[Black "XShot"]
[Result "0-1"]
[WhiteElo "2265"]
[BlackElo "2459"]
[Annotator "RC"]
[PlyCount "40"]
[EventDate "2020.05.17"]
[EventType "swiss (blitz)"]
[TimeControl "60"]

1. Nf3 c6 2. c4 d5 3. d4 Nf6 4. e3 Bg4 5. Nbd2 Bxf3 6. Qxf3 e6 7. Bd3 Nbd7 8. O-O Bd6 9. Rd1 O-O 10. b3 e5 11. cxd5 cxd5 12. dxe5 Nxe5 13. Qe2 Nxd3 14. Qxd3 Qc7 15. h3 Be5 16. Rb1 Rfd8 17. Bb2 Rac8 18. Bxe5 Qxe5 19. Nf3 Qe4 20. Rbc1 Rxc1 {[%emt 0:00:02] Indianquant resigns (Lag: Av=0.72s, max=1.3s)} 0-1

[Event "Stay Safe Play From Home 151"]
[Site "T#646137Emanuel Laske"]
[Date "2020.05.17"]
[Round "8"]
[White "Sfantul321"]
[Black "Castlingarrocco"]
[Result "1-0"]
[WhiteElo "2013"]
[BlackElo "2038"]
[Annotator "NA"]
[PlyCount "43"]
[EventDate "2020.05.17"]
[EventType "swiss (blitz)"]
[TimeControl "60"]

1. c4 c6 2. Nc3 d5 3. cxd5 cxd5 4. d4 e6 5. Nf3 f5 6. Bf4 Nf6 7. e3 Bd6 8. Bb5+ Nc6 9. Bxc6+ bxc6 10. Bxd6 Qxd6 11. Ne5 Ba6 12. Qa4 Bb7 13. O-O O-O 14. Rac1 Rfc8 15. Rc2 Ne4 16. Nxe4 fxe4 17. Rfc1 Rc7 18. Nxc6 Rac8 19. Ne7+ Qxe7 20. Rxc7 Rxc7 21. Rxc7 Qxc7 22. Qe8# {[%emt 0:00:01] (Lag: Av=0.28s, max=0.6s)} 1-0